 Dungeon Crawl Stone Soup version 0.24-a0-251-g44e327e (webtiles) character file.

Game seed: 4390501512819343692

320 Borgoz the Cutter (level 6, -9/38 HPs)
             Began as a Kobold Fighter on Apr 16, 2019.
             Mangled by a manticore (10 damage)
             ... on level 7 of the Dungeon.
             The game lasted 00:05:11 (3343 turns).

Borgoz the Cutter (Kobold Fighter)                  Turns: 3343, Time: 00:05:12

Health: -9/38      AC: 13    Str: 19    XL:     6   Next: 75%
Magic:  6/6        EV: 13    Int:  9    God:
Gold:   125        SH:  0    Dex: 16    Spells: 5/5 levels left

rFire    . . .     SeeInvis .   a - +0 rapier
rCold    . . .     Gourm    .   (shield restricted)
rNeg     . . .     Faith    .   b - +0 scale mail
rPois    .         Spirit   .   (no helmet)
rElec    .         Reflect  .   j - +0 cloak
rCorr    .         Harm     .   (no gloves)
MR       .....                  g - +2 pair of boots
Stlth    ..........             (no amulet)
HPRegen  0.12/turn              i - +2 ring of protection
MPRegen  0.10/turn              (no ring)

@: mighty, barbed spikes
A: small, carnivore
a: no special abilities


You were on level 7 of the Dungeon.
You were very full.

You visited 1 branch of the dungeon, and saw 6 of its levels.

You collected 125 gold pieces.

Inventory:

Hand Weapons
 a - a +0 rapier (weapon)
 q - a +1 dagger of speed
Armour
 b - a +0 scale mail (worn)
 g - a +2 pair of boots (worn)
 j - a +0 cloak (worn)
Jewellery
 i - a +2 ring of protection (left hand)
 p - an uncursed ring of flight
Scrolls
 c - 2 scrolls of magic mapping {unknown}
 o - 2 scrolls of fear {unknown}
 r - 4 scrolls of identify {unknown}
 u - a scroll of enchant armour {unknown}
 x - a scroll of enchant weapon {unknown}
 y - a scroll of remove curse {unknown}
 z - a scroll of summoning {unknown}
Potions
 d - a potion of might
 e - a potion of brilliance {unknown}
 h - a potion of mutation {unknown}
 l - 2 potions of curing
 m - a potion of flight {unknown}
 n - a potion of haste {unknown}
 s - a potion of agility {unknown}
 t - a potion of cancellation {unknown}
 v - a potion of magic {unknown}
 w - a potion of berserk rage {unknown}
Comestibles
 f - 7 rations


   Skills:
 + Level 4.2 Fighting
 + Level 6.2 Short Blades
 + Level 3.6 Armour
 + Level 2.0 Dodging
 + Level 0.4 Stealth
   Level 2.4 Shields


You had 5 spell levels left.
You didn't know any spells.
Your spell library was empty.

Dungeon Overview and Level Annotations

Branches:
Dungeon (8/15)             Temple (0/1) D:7
   Lair: D:8-11

Altars:
Kikubaaqudgha


Innate Abilities, Weirdness & Mutations

You are small and have problems with some larger weapons.
You are carnivorous and can eat meat at any time.


Message History

The manticore closely misses you.
The manticore claws you but does no damage.
The manticore barely misses you.
Your scale mail prevents you from hitting the manticore.
The manticore is lightly wounded.
The manticore bites you!
* * * LOW HITPOINT WARNING * * *
The manticore completely misses you.
The manticore claws you but does no damage.
Okay, then.
You barely miss the manticore.
The manticore is lightly wounded.
The manticore bites you.
* * * LOW HITPOINT WARNING * * *
The manticore claws you but does no damage.
The manticore misses you.
You closely miss the manticore.
The manticore is lightly wounded.
The manticore bites you!
You die...

###### #######
#....# #.....#
#....########
+.....+
+....@HW.....
#.....#
#....########
#.....# #....#
#.....# #....#
#.....###....###
##.....##.......#
.........'.......+
..########.......#
###.......#


You could see a manticore and a phantom.

Vanquished Creatures
  A centaur (D:7)
  A bullfrog (D:7)
  A worker ant (D:7)
  6 adders
  4 worms (D:2)
  A dart slug (D:2)
  3 leopard geckos
  4 orcs (D:3)
  4 giant cockroaches
  10 goblins
  7 hobgoblins
  12 jackals
  5 kobolds
  A quokka (D:2)
  8 bats
  7 frilled lizards
  7 rats
82 creatures vanquished.

Notes
Turn   | Place    | Note
-------+----------+-------------------------------------------
     0 | D:1      | Borgoz the Kobold Fighter began the quest for the Orb.
     0 | D:1      | Reached XP level 1. HP: 14/14 MP: 1/1
   149 | D:1      | Reached XP level 2. HP: 17/19 MP: 2/2
   310 | D:1      | Reached skill level 3 in Short Blades
   442 | D:1      | Reached XP level 3. HP: 24/24 MP: 3/3
   936 | D:2      | Reached XP level 4. HP: 11/29 MP: 4/4
  1214 | D:2      | Reached skill level 4 in Short Blades
  1311 | D:2      | Found an ancient bone altar of Kikubaaqudgha.
  1316 | D:2      | Reached skill level 1 in Dodging
  2125 | D:3      | Reached XP level 5. HP: 25/33 MP: 5/5
  2265 | D:3      | Reached skill level 5 in Short Blades
  3039 | D:4      | You fall through a shaft for 3 floors!
  3065 | D:7      | Noticed a centaur
  3067 | D:7      | Noticed a bullfrog
  3070 | D:8      | Noticed an ice beast
  3087 | D:7      | Killed a bullfrog
  3087 | D:7      | Reached XP level 6. HP: 16/38 MP: 6/6
  3116 | D:7      | Reached skill level 6 in Short Blades
  3224 | D:7      | Found a staircase to the Ecumenical Temple.
  3328 | D:7      | Noticed a manticore
  3333 | D:7      | Noticed a phantom
  3342 | D:7      | HP: 1/38 [manticore (1)]
  3343 | D:7      | Mangled by a manticore

Levels and vault maps discovered:
D:1:      giann_bridges, layout_basic
D:2:      wad_pebble_path, layout_loops_ring, kiku_gazebo_garden_becter,
          first_ration
D:3:      layout_basic
D:4:      layout_basic, kennysheep_little_box, uniq_sigmund,
          uniq_crazy_yiuf_cottage
D:7:      layout_basic, nicolae_overflow_crystal_walls,
          minmay_temple_entry_junction
D:8:      layout_cave_pools, chequers_temple_overflow_statue_of_worship,
          basic_altar, uniq_harold

Skill      XL: |  1  2  3  4  5  6 |
---------------+-------------------+-----
Short Blades   | 3 4 5 6 |  6.2
Dodging        | 1 2 |  2.0
Armour         | 3 |  3.6
Fighting       | 4 |  4.2
Stealth        | |  0.4
Shields        | |  2.4

Action                   |  1- 3 |  4- 6 || total
-------------------------+-------+-------++-------
Melee: Rapier            |   153 |   227 ||   380
  Use: Potion            |       |     5 ||     5
  Eat: Chunk             |     9 |     6 ||    15
Armor: Scale mail        |    93 |   105 ||   198
Dodge: Dodged            |   126 |   152 ||   278
Block: Shield            |    10 |       ||    10

Table legend:
 A = Non-vault XP
 B = Vault XP
 C = Vault XP percentage of total XP
 D = Non-vault monster count
 E = Vault monster count
 F = Vault count percentage of total count
                 A         B        C        D         E       F
            +---------+---------+-------+---------+---------+-------
      Total |     458 |       0 |   0.0 |      82 |       0 |   0.0
            +---------+---------+-------+---------+---------+-------
        D:1 |      39 |       0 |   0.0 |      25 |       0 |   0.0
        D:2 |      78 |       0 |   0.0 |      29 |       0 |   0.0
        D:3 |     100 |       0 |   0.0 |      23 |       0 |   0.0
        D:7 |     241 |       0 |   0.0 |       5 |       0 |   0.0
            +---------+---------+-------+---------+---------+-------
